 Dungeon Sprint DCSS version 0.31-a0-846-gb3bcc0d938 (webtiles) character file.

Game seed: 11189669199480270333

95 sircluck the Ruffian (level 4, -6/49 HPs)
             Began as a Troll Berserker on Oct 3, 2023.
             Was a Believer of Trog.
             Killed from afar by an oklob sapling (25 damage)
             ... with a splash of acid
             ... in the Dungeon (Sprint IV: "Fedhas' Mad Dash").
             The game lasted 00:00:14 (69 turns).

sircluck the Ruffian (Troll Berserker)                Turns: 69, Time: 00:00:14

Health: -6/49      AC:  4    Str: 27    XL:     4   Next: 40%
Magic:  3/3        EV: 10    Int:  3    God:    Trog [**....]
Gold:   63         SH:  0    Dex:  9    Spells: 3/3 levels left

rFire   . .          .
                       - Unarmed
rCold   . . .        (no shield)
rNeg    . . .        a - +0 animal skin
rPois   .            (helmet restricted)
rElec   .            (no cloak)
rCorr   .            (gloves unavailable)
SInv    .            (boots unavailable)
Will    .....        (no amulet)
Stlth   +            (no ring)
HPRegen 1.08/turn    (no ring)
MPRegen 0.08/turn

%: no teleportation
@: no status effects
A: large, unfitting armour, claws 3, regeneration 1, shaggy fur 1, tough skin 1
a: Renounce Religion, Berserk, Trog's Hand


You were in the Dungeon.
You worshipped Trog.
Trog was pleased with you.
You visited 1 branch You collected 63 gold pieces.

Inventory:

Armour
 a - a +0 animal skin (worn)
Jewellery
 h - the amulet of invisibility {+Inv}
   (You found it in the Dungeon)

   [amulet of nothing]

   +Inv:      It lets you turn invisible.
Scrolls
 g - a scroll of blinking
Potions
 b - a potion of curing
 c - a potion of heal wounds
 d - a potion of haste
 e - 2 potions of magic
 f - a potion of berserk rage


   Skills:
 + Level 4.9 Fighting
 + Level 4.8 Dodging
 + Level 5.8 Unarmed Combat


You had 3 spell levels left.
You didn't know any spells.
Your spell library was empty.

Dungeon Overview and Level Annotations

Branches:
Dungeon (1/1)

Altars:

Annotations:
D exclusion: oklob sapling


Innate Abilities, Weirdness & Mutations

You are too large for most types of armour.
You have claws for hands.
Your natural rate of healing is unusually fast.
You are covered in fur. (AC +1)
You have tough skin. (AC +1)


Message History

No target in view!
A scorpion comes into view.
Found the amulet of invisibility {+Inv}.
You see here 12 gold pieces.
The scorpion stings you but does no damage.
You see here 8 gold pieces.
You scratch the scorpion.
The scorpion is moderately wounded.
The scorpion stings you but does no damage.
You closely miss the scorpion.
The scorpion is moderately wounded.
The scorpion closely misses you.
You mangle the scorpion!!
You kill the scorpion!
Trog accepts your kill.
Your Fighting skill increases to level 4!
Your Dodging skill increases to level 4!
Your Unarmed Combat skill increases to level 5!
You have reached level 4!
Unknown command.
You now have 8 gold pieces.
You now have 25 gold pieces (gained 17).
You now have 39 gold pieces (gained 14).
You now have 51 gold pieces (gained 12).
You see here a talisman of death.
h - the amulet of invisibility {+Inv} You see here a scorpion corpse.
You now have 63 gold pieces (gained 12).
You open the door.
An oklob sapling comes into view.
Marking area around an oklob sapling as unsafe for travelling.
Found 24 gold pieces.
The oklob sapling spits acid at you. The splash of acid hits you!!
Ouch! That really hurt!
There is an open door here.
The oklob sapling spits acid at you. The splash of acid hits you!!
Ouch! That really hurt!
You die...

##################
#<..P#.....#.....#
#PP..'.%...'.#.%.+
#PPPP#.....#.#†..#
###############'##
+.@.# #$P$# #####


You could see an oklob sapling.

Vanquished Creatures
  A scorpion (D)
  An oklob sapling (D)
  A river rat (D)
  A rat (D)
4 creatures vanquished.

Notes
Turn   | Place    | Note
-------+----------+-------------------------------------------
     0 | D        | sircluck the Troll Berserker began the quest for the Orb.
     0 | D        | Reached XP level 1. HP: 22/22 MP: 0/0
    20 | D        | Reached XP level 2. HP: 10/31 MP: 1/1
    43 | D        | Noticed an oklob sapling
    45 | D        | Killed an oklob sapling
    45 | D        | Reached ** piety under Trog
    46 | D        | Reached skill level 4 in Unarmed Combat
    46 | D        | Reached XP level 3. HP: 39/39 MP: 2/2
    47 | D        | Noticed a scorpion
    47 | D        | Found the amulet of invisibility {+Inv}
    51 | D        | Killed a scorpion
    52 | D        | Reached skill level 5 in Unarmed Combat
    52 | D        | Reached XP level 4. HP: 49/49 MP: 3/3
    69 | D        | Killed from afar by an oklob sapling

Illustrated notes

Levels and vault maps discovered:
D:        dungeon_sprint_fedhas [sprint_temple]

Skill      XL: |  1  2  3 |
---------------+----------+-----
Fighting       | 3 4 |  4.9
Dodging        | 3 4 |  4.8
Unarmed Combat | 4 5 |  5.8

Action                     |  1- 3 |  4- 6 || total
---------------------------+-------+-------++-------
  Melee: Unarmed           |    17 |       ||    17
         Punch             |     1 |       ||     1
 Armour: Animal skin       |     9 |     2 ||    11
  Dodge: Dodged            |     5 |       ||     5

Table legend: (Time is in decaauts)
 A = Elapsed time spent in this place.
 B = Non-inter-level travel time spent in this place.
 C = Inter-level travel time spent in this place.
 D = Time resting spent in this place.
 E = Time spent auto-exploring this place.
 F = Levels seen in this place.
 G = Mean time per level.
                   A        B        C        D        E       F      G
               +--------+--------+--------+--------+--------+-----+--------+
         Total |     67 |     67 |      0 |      0 |     39 |   1 |   67.0 |
       Dungeon |     67 |     67 |      0 |      0 |     39 |   1 |   67.0 |
               +--------+--------+--------+--------+--------+-----+--------+

Top non-repeatable levels by time:
       D: 67 daAuts
